 Dungeon Crawl Stone Soup version 0.27.1-33-g824d729ab1 (webtiles) character file.

Game seed: 7337634848955752730

3 Garessta the Vexing (level 1, 0/13 HPs)
             Began as a Vampire Enchanter on Dec 11, 2021.
             Succumbed to a kobold's poison
             ... on level 1 of the Dungeon.
             The game lasted 00:00:34 (171 turns).

Garessta the Vexing (Vampire Enchanter)              Turns: 171, Time: 00:00:34

Health: 0/13       AC:  2    Str:  7    XL:     1   Next: 41%
Magic:  3/3        EV: 16    Int: 17    God:
Gold:   5          SH:  0    Dex: 14    Spells: 3/4 levels left

rFire    . . .     SeeInvis +   a - +1 dagger
rCold    . . .     Faith    .   (no shield)
rNeg     . . .     Spirit   .   b - +0 robe
rPois    .         Reflect  .   (no helmet)
rElec    .         Harm     .   (no cloak)
rCorr    .         Rampage  .   (no gloves)
Will     .....                  (no boots)
Stlth    +++.......             (no amulet)
HPRegen  0.24/turn              c - +4 ring of evasion
MPRegen  0.08/turn              (no ring)

@: lethally poisoned (0 -> -4), healing quickly
A: alive, fangs 3, see invisible, vampiric 1
a: Exsanguinate


You were on level 1 of the Dungeon.
You visited 1 branch of the dungeon, and saw 1 of its levels.

You collected 5 gold pieces.

Inventory:

Hand Weapons
 a - a +1 dagger (weapon)
Armour
 b - a +0 robe (worn)
Jewellery
 c - a +4 ring of evasion (left hand)


   Skills:
 - Level 1.1 Short Blades
 - Level 2.1 Dodging
 + Level 4.5 Stealth
 - Level 2.0 Spellcasting
 * Level 4.6 Hexes


You had 3 spell levels left.
You knew the following spells:

 Your Spells              Type           Power      Damage    Failure   Level
a - Corona                Hex            18%        N/A       2%          1

Your spell library contained the following spells:

 Spells                   Type           Power      Damage    Failure   Level
 Confusing Touch          Hex            17%        N/A       9%          3
 Tukima's Dance           Hex            17%        N/A       9%          3
 Ensorcelled Hibernation  Hex/Ice        18%        N/A       11%         2
 Dazzling Flash           Conj/Hex       18%        N/A       22%         3


Dungeon Overview and Level Annotations

Branches:
Dungeon (1/15)

Altars:


Innate Abilities, Weirdness & Mutations

Your natural rate of healing is accelerated.
You have razor-sharp teeth.
You have supernaturally acute eyesight. (SInv)
You are afflicted with vampirism.


Message History

The giant cockroach is severely wounded.
The giant cockroach misses you. x2
You hit the giant cockroach but do no damage.
The giant cockroach is severely wounded.
The giant cockroach barely misses you.
You hit the giant cockroach.
You kill the giant cockroach!
No target in view!
No target in view!
c - a +4 ring of evasion (left hand)
Found 20 arrows.
Found 12 gold pieces.
Found 11 arrows.
Found a hunting sling.
A kobold comes into view. It is wielding a +0 whip of venom.
Found 11 gold pieces.
The kobold throws a stone.
The stone barely misses you.
A kobold is nearby!
A kobold is nearby!
The kobold closely misses you.
You hit the kobold but do no damage.
The kobold hits you with a +0 whip of venom.
You are lethally poisoned!
You closely miss the kobold.
You feel very sick. The kobold closely misses you.
You are too injured to fight recklessly!
You are too injured to fight recklessly!
You barely miss the kobold.
You feel sick. The kobold closely misses you.
You barely miss the kobold.
* * * LOW HITPOINT WARNING * * *
You feel sick. The kobold barely misses you.
You aren't carrying any potions.
You barely miss the kobold.
* * * LOW HITPOINT WARNING * * *
You feel sick. The kobold closely misses you.
You barely miss the kobold.
* * * LOW HITPOINT WARNING * * *
You feel sick. The kobold completely misses you.
You barely miss the kobold.
You die...

.................
.........###..#
.............## (.
........#.##..##. ## .
#####.###.# #... .$ ..
..#.....#.# #..#
.##...
#.#.#.#.#.###..###..).
#.#.....#..##.(.#K.#
..# #..
##....#.@..#### ###
#... #.#..........#
#.#..........# ###
#............# PP##
#........$....+ ≈≈P##
#............## ≈≈≈P##
#..#######+### ≈≈≈≈P#
#..# ≈≈≈≈P# #..


You could see a kobold.

Vanquished Creatures
  A ball python (D:1)
  A giant cockroach (D:1)
  A frilled lizard (D:1)
3 creatures vanquished.

Notes
Turn   | Place    | Note
-------+----------+-------------------------------------------
     0 | D:1      | Garessta the Vampire Enchanter began the quest for the Orb.
     0 | D:1      | Reached XP level 1. HP: 13/13 MP: 3/3
   171 | D:1      | Succumbed to a kobold's poison

Illustrated notes

Levels and vault maps discovered:
D:1:      psy_arrival_terrarium, layout_basic, ebering_ecumenical_altar_mist,
          minmay_hexomino_u4

Action                   || total
-------------------------++-------
Melee: Dagger            ||    21
Armor: Robe              ||     2
Dodge: Dodged            ||    17
